 Dungeon Crawl Stone Soup version 0.30-a0-916-g9813417 (webtiles) character file.

Game seed: 12815436963011250281

221 Dorkslayer the Shield-Bearer (level 5, 0/33 HPs)
             Began as a Gargoyle Fighter on Apr 13, 2023.
             Slain by a wight
             ... wielding a +0 halberd
              (12 damage)
             ... on level 3 of the Dungeon.
             The game lasted 00:05:08 (1536 turns).

Dorkslayer the Shield-Bearer (Gargoyle Fighter)     Turns: 1536, Time: 00:05:08

Health: 0/33       AC: 13    Str: 20    XL:     5   Next: 98%
Magic:  5/5        EV:  8    Int:  8    God:
Gold:   142        SH:  4    Dex: 11    Spells: 4/4 levels left

rFire   . . .      SeeInvis .    a - +0 war axe
rCold   . . .      Faith    .    c - +0 buckler
rNeg    + . .      Spirit   .    l - +0 chain mail
rPois   ∞          Reflect  .    (no helmet)
rElec   +          Rampage  .    (no cloak)
rCorr   .                        (no gloves)
Will    .....                    (no boots) Stlth
                                 (no amulet)
HPRegen 0.25/turn                (no ring)
MPRegen 0.09/turn                (no ring)

@: mighty
A: sickness immunity, AC +4, negative energy resistance 1, electricity
resistance, torment resistance 1, petrification resistance
a: no special abilities


You were on level 3 of the Dungeon.
You visited 1 branch of the dungeon, and saw 3 of its levels.

You collected 142 gold pieces.

Inventory:

Hand Weapons
 a - a +0 war axe (weapon)
Armour
 c - a +0 buckler (worn)
 l - a +0 chain mail (worn)
Scrolls
 e - 2 scrolls of identify {unknown}
 f - a scroll of enchant armour {unknown}
 j - a scroll of brand weapon {unknown}
 k - a scroll of amnesia {unknown}
 m - a scroll of teleportation {unknown}
Potions
 b - a potion of haste {unknown}
 g - a potion of invisibility {unknown}
 i - a potion of lignification {unknown}
 n - a potion of brilliance {unknown}


   Skills:
 + Level 4.2 Fighting
 + Level 2.6 Axes
 + Level 4.0 Armour
 * Level 2.4 Dodging
 + Level 4.2 Shields


You had 4 spell levels left.
You didn't know any spells.
Your spell library contained the following spells:

 Spells                   Type           Power      Damage    Failure   Level
 Tukima's Dance           Hex            0%         N/A       100%        3
 Passage of Golubria      Tloc           0%         N/A       100%        4
 Fireball                 Conj/Fire      0%         3d3       100%        5
 Iskenderun's Battlesphe  Conj           0%         2d6       100%        5
 Yara's Violent Unravell  Hex/Tmut       0%         3d3       100%        5
 Conjure Ball Lightning   Conj/Air       0%         3x3d6     100%        6
 Orb of Destruction       Conj           0%         9d5       100%        7


Dungeon Overview and Level Annotations

Branches:
Dungeon (3/15)

Altars:
Kikubaaqudgha


Innate Abilities, Weirdness & Mutations

You are immune to sickness and miasma.
Your stone body is resilient. (AC +4)
You are immune to poison.
You resist negative energy. (rN+)
You are resistant to electric shocks. (rElec)
You are resistant to unholy torment.
You are immune to petrification.


Message History

You barely miss the wight.
The wight hits you with a +2 dagger of flaming.
The wight burns you.
The wight hits you from afar with a +0 halberd.
* * * LOW HITPOINT WARNING * * *
You slash the wight!
You destroy the wight!
The wight hits you from afar with a +0 halberd.
* * * LOW HITPOINT WARNING * * *
The wight hits you but does no damage.
The wight hits you from afar with a +0 halberd.
* * * LOW HITPOINT WARNING * * *
Your Fighting skill increases to level 4!
Your Dodging skill increases to level 2!
Your Shields skill increases to level 4!
You have reached level 5!
It was a potion of curing.
You feel better. The wight completely misses you.
The wight hits you but does no damage.
Jessica says, "I'm really upset."
You slice the wight!!
You destroy the wight!
The wight barely misses you.
Your Armour skill increases to level 4!
You barely miss Jessica. You block the wight's attack.
You block Jessica's attack. The wight closely misses you.
You slash Jessica!
You kill Jessica!
The wight barely misses you. The bat hits you but does no damage.
The wight hits you with a +0 halberd!
* * * LOW HITPOINT WARNING * * *
Items here: ))) [[[.
You barely miss the wight. The bat barely misses you.
You block the wight's attack.
You feel better. You block the bat's attack.
The wight hits you with a +0 halberd!
* * * LOW HITPOINT WARNING * * *
You feel better. The bat closely misses you. You block the wight's attack.
You closely miss the wight. The bat barely misses you.
The wight hits you with a +0 halberd!
You die...

##........##..........
###.........##..........
##..........##.<........
#...........##<.........
...#........###.........
.#.....######...........
.....######...##.#######
...##.......####†#
......##########@##
.....###### ##..z.#
..........###.b#.##
..........#...##.#
....................
....................
####.#.####.....>...
###..#§# #.........#
..z.##.. #.......).#


You could see a wight and a bat.

Vanquished Creatures
  2 wights (D:3)
  Jessica (D:3)
  5 adders
  2 dart slugs
  9 bats
  2 endoplasms
  5 goblins
  3 hobgoblins
  3 jackals (D:1)
  2 quokkas (D:1)
  A ball python (D:2)
  3 frilled lizards
  6 kobolds
  4 rats
48 creatures vanquished.

Notes
Turn   | Place    | Note
-------+----------+-------------------------------------------
     0 | D:1      | Dorkslayer the Gargoyle Fighter began the quest for the
                  | Orb.
     0 | D:1      | Reached XP level 1. HP: 14/14 MP: 1/1
   170 | D:1      | Reached XP level 2. HP: 17/19 MP: 2/2
   524 | D:1      | Reached skill level 1 in Dodging
   567 | D:1      | Reached XP level 3. HP: 22/23 MP: 3/3
   882 | D:2      | Found a faded altar of an unknown god.
  1399 | D:3      | Reached XP level 4. HP: 29/29 MP: 4/4
  1479 | D:3      | Found an ancient bone altar of Kikubaaqudgha.
  1496 | D:3      | Noticed Jessica
  1528 | D:3      | Reached XP level 5. HP: 5/33 MP: 5/5
  1531 | D:3      | Killed Jessica
  1536 | D:3      | Slain by a wight

Illustrated notes

Levels and vault maps discovered:
D:1:      sevenhm_arrival_forest_fort_small_4, layout_basic
D:2:      layout_basic, shapermc_ecumenical_altar_mp_vishouse
D:3:      layout_rooms, kiku_gazebo_garden_becter, uniq_jessica

Skill      XL: |  1  2  3  4  5 |
---------------+----------------+-----
Axes           | 2 |  2.6
Dodging        | 1 2 |  2.4
Fighting       | 4 |  4.2
Shields        | 4 |  4.2
Armour         | 4 |  4.0

Action                     |  1- 3 |  4- 6 || total
---------------------------+-------+-------++-------
  Melee: War axe           |   120 |    37 ||   157
    Use: Potion            |       |     4 ||     4
 Armour: Scale mail        |    83 |       ||    83
         Chain mail        |    14 |    46 ||    60
  Dodge: Dodged            |    82 |    53 ||   135
  Block: Buckler           |    28 |    17 ||    45

Table legend: (Time is in decaauts)
 A = Elapsed time spent in this place.
 B = Non-inter-level travel time spent in this place.
 C = Inter-level travel time spent in this place.
 D = Time resting spent in this place.
 E = Time spent auto-exploring this place.
 F = Levels seen in this place.
 G = Mean time per level.
                   A        B        C        D        E       F      G
               +--------+--------+--------+--------+--------+-----+--------+
         Total |   1604 |   1604 |      0 |      0 |    577 |   3 |  534.7 |
       Dungeon |   1604 |   1604 |      0 |      0 |    577 |   3 |  534.7 |
               +--------+--------+--------+--------+--------+-----+--------+

Top non-repeatable levels by time:
     D:1: 823 daAuts
     D:2: 605 daAuts
     D:3: 175 daAuts
